[Event "Titled Tuesday Blitz November 14 Early 2023"]
[White "CrazyAdvenTures"]
[Black "GatoRojo150"]
[WhiteElo "2815"]
[BlackElo "2638"]
[Result "0-1"]
[Round "7"]
[TimeControl "180+1"]
[Date "2023.11.14"]
[WhiteClock "0:00:00"]
[BlackClock "0:01:00"]
[Board "43"]

1. e4 e5 2. Nf3 Nc6 3. Bc4 Nf6 4. d3 Be7 5. O-O O-O 6. a4 d6 7. h3 h6 8. c3 Kh8 9. Re1 Nh7 10. d4 f5 11. exf5 d5 12. Bb5 e4 13. Nfd2 Bxf5 14. Nf1 Bd6 15. Ne3 Qh4 16. Nxf5 Rxf5 17. Be3 Raf8 18. Qg4 Qf6 19. Nd2 h5 20. Qe2 Qh4 21. c4 Ng5 22. cxd5 Nxh3+ 23. gxh3 Qxh3 24. f4 exf3 25. Qf2 Bg3 0-1


[Site "https://www.chess.com"]

[Event "Titled Tuesday Blitz November 14 Early 2023"]
[White "Fromm, Marius"]
[Black "Vignesh N R"]
[WhiteFideId "12993190"]
[BlackFideId "25012215"]
[WhiteElo "2638"]
[BlackElo "2810"]
[Result "1/2-1/2"]
[Round "7"]
[TimeControl "180+1"]
[Date "2023.11.14"]
[WhiteClock "0:00:05"]
[BlackClock "0:00:27"]
[Board "44"]

1. e4 e5 2. Nf3 Nc6 3. Bc4 Nf6 4. d3 Bc5 5. O-O O-O 6. h3 a5 7. Nc3 h6 8. Be3 d6 9. Bxc5 dxc5 10. a4 Re8 11. Re1 Be6 12. Bb5 Bd7 13. Nd5 Nxd5 14. exd5 Nd4 15. Bxd7 Qxd7 16. c4 Qf5 17. Nxd4 exd4 18. Qb3 b6 19. Qc2 Re5 20. Qd2 Rae8 21. Rxe5 Rxe5 22. Rd1 h5 23. Kf1 Re3 24. Kg1 Re8 25. Kf1 g6 26. b3 Re3 27. Kg1 Re5 28. Kf1 Kg7 29. Kg1 Re7 30. Kf1 Kf6 31. Kg1 Qe5 32. g3 Qe2 33. Qf4+ Kg7 34. Rd2 Qe1+ 35. Kg2 Re5 36. g4 hxg4 37. hxg4 g5 38. Qg3 f6 39. Ra2 Qd1 40. Qf3 Qxb3 41. Re2 Rxe2 42. Qxe2 Kf8 43. Qf3 Kf7 44. Qf5 Qxa4 45. Qe6+ Kg7 46. Qe7+ Kg6 47. Qxc7 Qe8 48. d6 Qe6 49. d7 Qxg4+ 50. Kf1 Qd1+ 51. Kg2 Qg4+ 52. Kf1 Qd1+ 53. Kg2 Qg4+ 1/2-1/2


[Site "https://www.chess.com"]

[Event "Titled Tuesday Blitz November 14 Early 2023"]
[White "Maksimovic, Bojan"]
[Black "Feuerstack, Aljoscha"]
[WhiteFideId "14408120"]
[BlackFideId "4681932"]
[WhiteElo "2809"]
[BlackElo "2622"]
[Result "0-1"]
[Round "7"]
[TimeControl "180+1"]
[Date "2023.11.14"]
[WhiteClock "0:00:07"]
[BlackClock "0:00:36"]
[Board "45"]

1. Nf3 Nf6 2. g3 g6 3. Bg2 Bg7 4. O-O O-O 5. d3 d5 6. c3 c5 7. Qc2 Nc6 8. Nbd2 b5 9. e4 b4 10. Re1 bxc3 11. bxc3 Ba6 12. e5 Nd7 13. e6 Nde5 14. Nxe5 Nxe5 15. Bf1 fxe6 16. f4 Nc6 17. Rxe6 Nd4 18. cxd4 Bxd4+ 19. Kg2 Bc8 20. Re1 Bxa1 21. Nb3 Bf6 22. Nxc5 Qd6 23. Be3 Rb8 24. d4 Bf5 25. Qc3 Rfc8 26. Kg1 Qb6 27. Bf2 Qb2 28. Qe3 Qxa2 29. Qf3 Rb2 30. g4 Rxf2 31. Qxf2 Qxf2+ 32. Kxf2 Bxd4+ 33. Kg3 Bxg4 34. Kxg4 Bxc5 35. Bg2 Rd8 36. Rc1 Bb6 37. Bf1 Kf7 38. Bd3 Ke6 39. h4 Kd6 40. h5 gxh5+ 41. Kxh5 Rf8 42. Kg4 Be3 43. Rf1 h5+ 44. Kg3 h4+ 45. Kg4 h3 46. f5 h2 47. Rh1 Bg1 48. Kg5 a5 49. Kg6 a4 50. Bb1 Rf6+ 51. Kg5 Kc5 52. Ba2 Kd4 53. Bb1 Kc3 54. Ba2 d4 55. Be6 a3 56. Rxh2 Bxh2 57. Bd5 Bd6 58. Be6 d3 59. Bc4 d2 60. Bb3 Kb2 61. Bd1 Kc1 62. Bb3 d1=Q 63. Bxd1 Kxd1 64. Kh5 a2 65. Kg4 a1=Q 66. Kf3 Rxf5+ 67. Ke4 Qe5+ 68. Kd3 Qd5+ 69. Ke3 Rf3# 0-1


[Site "https://www.chess.com"]

[Event "Titled Tuesday Blitz November 14 Early 2023"]
[White "Souleidis, Georgios"]
[Black "Molina, Roberto Junio Brito"]
[WhiteFideId "4206827"]
[BlackFideId "2109450"]
[WhiteElo "2613"]
[BlackElo "2807"]
[Result "1/2-1/2"]
[Round "7"]
[TimeControl "180+1"]
[Date "2023.11.14"]
[WhiteClock "0:00:25"]
[BlackClock "0:00:53"]
[Board "46"]

1. e4 c6 2. Nc3 d5 3. Nf3 dxe4 4. Nxe4 Bg4 5. h3 Bxf3 6. Qxf3 Nd7 7. d4 Ndf6 8. Nxf6+ Nxf6 9. c3 Qd5 10. Qg3 e6 11. Bd3 O-O-O 12. O-O Bd6 13. Qe3 Qh5 14. Qg5 Qxg5 15. Bxg5 h6 16. Be3 Nd5 17. Rad1 Bf4 18. Rfe1 Rhe8 19. a3 a6 20. Be4 Nxe3 21. fxe3 Bg3 22. Rf1 f5 23. Bc2 g6 24. e4 Kc7 25. Rf3 Bh4 26. g3 Be7 27. Kg2 Rf8 28. Re1 Rde8 29. exf5 exf5 30. Rfe3 Kd7 31. Re6 Bf6 32. Rxe8 Rxe8 33. Rxe8 Kxe8 34. Kf3 Ke7 35. g4 fxg4+ 36. hxg4 Bg5 37. a4 Bc1 38. b3 Bb2 39. c4 Bxd4 40. Bxg6 Bc3 41. Bf5 Kd6 42. Bc8 Kc7 43. Bf5 a5 44. Ke4 Kd6 45. Bc8 b6 46. Bf5 Kc5 47. Kd3 Bf6 48. Bd7 Kb4 49. Kc2 Kc5 50. Be8 Bg5 1/2-1/2


[Site "https://www.chess.com"]

[Event "Titled Tuesday Blitz November 14 Early 2023"]
[White "Tatarinov, Dmitry"]
[Black "Ahmad, Khagan"]
[WhiteFideId "24160067"]
[BlackFideId "13431552"]
[WhiteElo "2807"]
[BlackElo "2608"]
[Result "0-1"]
[Round "7"]
[TimeControl "180+1"]
[Date "2023.11.14"]
[WhiteClock "0:01:04"]
[BlackClock "0:00:31"]
[Board "47"]

1. d4 Nf6 2. c4 e6 3. Nf3 d5 4. g3 Be7 5. Bg2 O-O 6. O-O dxc4 7. Qc2 a6 8. a4 Bd7 9. Qxc4 Bc6 10. Bg5 a5 11. Qc2 Na6 12. Nc3 Nb4 13. Qc1 h6 14. Bxf6 Bxf6 15. Rd1 Bxf3 16. Bxf3 c6 17. e3 Qb6 18. h4 Rac8 19. h5 c5 20. d5 c4 21. dxe6 fxe6 22. Be4 Rcd8 23. Kg2 Nd3 24. Bxd3 cxd3 25. Ne4 Bxb2 26. Rb1 Qb4 27. Qxb2 Qxe4+ 28. Kg1 Rd5 29. Qxb7 Rxf2 30. Kxf2 Rf5+ 31. Kg1 Qxe3+ 32. Kg2 Qe2+ 33. Kg1 Qf2+ 0-1


[Site "https://www.chess.com"]

[Event "Titled Tuesday Blitz November 14 Early 2023"]
[White "Fier, Alexandr"]
[Black "Aaditya Dhingra"]
[WhiteFideId "2107139"]
[BlackFideId "25678191"]
[WhiteElo "2805"]
[BlackElo "2607"]
[Result "0-1"]
[Round "7"]
[TimeControl "180+1"]
[Date "2023.11.14"]
[WhiteClock "0:02:04"]
[BlackClock "0:00:16"]
[Board "48"]

1. Nf3 Nf6 2. g3 b5 3. Bg2 Bb7 4. O-O c5 5. a4 a6 6. d3 e6 7. e4 d6 8. Nc3 b4 9. Ne2 Nbd7 10. Nd2 Qc7 11. f4 Be7 12. b3 O-O 13. Bb2 Rfe8 14. h3 Nb8 15. g4 Nc6 16. g5 Nd7 17. Ng3 Nd4 18. Nf3 Qb6 19. Kh1 d5 20. e5 Nxf3 21. Qxf3 g6 22. h4 Bf8 23. h5 Rab8 24. Qg4 Bg7 25. Rae1 a5 26. Kh2 Qc7 27. Rh1 Rbd8 28. Re2 c4 29. d4 Nb6 30. Kg1 Ba6 31. Rf2 Rc8 32. Qh4 Bf8 33. Bf1 Ra8 34. Rfh2 Re7 35. Bh3 cxb3 36. cxb3 Bd3 37. Rd2 Bb1 38. Kg2 Be4+ 39. Nxe4 dxe4 40. Kg3 e3 41. Rdh2 Nd5 42. Bg2 Rd8 43. Be4 e2 44. Rxe2 Nc3 45. Bxc3 Qxc3+ 46. Kg4 Qxd4 47. hxg6 fxg6 48. Bxg6 Rdd7 49. Be4 Qc3 50. g6 Rg7 51. Qf6 Qxb3 52. Kh4 Be7 53. gxh7+ Kh8 54. Kh5 Bxf6 55. exf6 Rxh7+ 56. Bxh7 Rxh7+ 57. Kg6 Qd3+ 58. Kg5 Qf5# 0-1


[Site "https://www.chess.com"]

[Event "Titled Tuesday Blitz November 14 Early 2023"]
[White "Vakhlamov, Igor L."]
[Black "borocotoajua"]
[WhiteFideId "24126748"]
[WhiteElo "2801"]
[BlackElo "2604"]
[Result "1-0"]
[Round "7"]
[TimeControl "180+1"]
[Date "2023.11.14"]
[WhiteClock "0:00:25"]
[BlackClock "0:00:00"]
[Board "49"]

1. e4 c6 2. d4 d5 3. exd5 cxd5 4. c4 Nf6 5. Nc3 Be6 6. c5 Nc6 7. Nf3 g6 8. Bb5 Bg7 9. O-O O-O 10. h3 Ne4 11. Re1 Qa5 12. Bxc6 bxc6 13. Bf4 Nxc3 14. bxc3 Qxc3 15. Qa4 Bf5 16. Rac1 Qb2 17. Qxc6 Be4 18. Rxe4 dxe4 19. Qxe4 e6 20. a4 Rfd8 21. Rb1 Qa2 22. Rb7 Rd5 23. c6 Qxa4 24. c7 Qe8 25. Rb8 1-0


[Site "https://www.chess.com"]

[Event "Titled Tuesday Blitz November 14 Early 2023"]
[White "Brunner, Nicolas"]
[Black "Narayanan, Srinath"]
[WhiteFideId "620246"]
[BlackFideId "5018420"]
[WhiteElo "2593"]
[BlackElo "2793"]
[Result "0-1"]
[Round "7"]
[TimeControl "180+1"]
[Date "2023.11.14"]
[WhiteClock "0:00:00"]
[BlackClock "0:00:18"]
[Board "50"]

1. Nf3 d5 2. g3 g6 3. Bg2 Bg7 4. d4 Nf6 5. O-O O-O 6. c4 dxc4 7. Na3 c3 8. bxc3 c5 9. Nc4 Nc6 10. Bb2 Be6 11. Nfe5 Bd5 12. Nxc6 bxc6 13. Ne5 Bxg2 14. Kxg2 Rb8 15. Rb1 Qd5+ 16. f3 cxd4 17. cxd4 c5 18. a4 Qa2 19. Qc2 Nd5 20. Kf2 cxd4 21. Nc6 d3 22. Qxd3 Rxb2 23. Rxb2 Bxb2 24. Qxd5 Qxa4 25. Nxe7+ Kg7 26. Rd1 Bf6 27. Nc6 Rc8 28. Ne5 Qe8 29. Nd7 Qe7 30. Nxf6 Qxf6 31. Qd4 a5 32. Qxf6+ Kxf6 33. Rd6+ Ke7 34. Ra6 Rc5 35. Ra7+ Ke6 36. Ra6+ Kd5 37. Ra7 f5 38. Rxh7 Kc4 39. Rg7 Rc6 40. Ra7 Kb5 41. h4 a4 42. Rb7+ Rb6 43. Ra7 Ra6 44. Rb7+ Kc4 45. Rc7+ Kb3 46. Rb7+ Kc2 47. Rc7+ Kb3 48. Rb7+ Kc4 49. Rc7+ Kd5 50. Rd7+ Kc6 51. Rg7 a3 0-1


[Site "https://www.chess.com"]

[Event "Titled Tuesday Blitz November 14 Early 2023"]
[White "Alen_Yeremyann"]
[Black "Ambartsumova, Karina"]
[BlackFideId "4166299"]
[WhiteElo "2790"]
[BlackElo "2587"]
[Result "0-1"]
[Round "7"]
[TimeControl "180+1"]
[Date "2023.11.14"]
[WhiteClock "0:01:05"]
[BlackClock "0:00:18"]
[Board "51"]

1. e4 e5 2. Nf3 Nc6 3. Nc3 Nf6 4. d4 exd4 5. Nxd4 Bb4 6. Nxc6 bxc6 7. Be2 d5 8. exd5 cxd5 9. O-O O-O 10. a3 Be7 11. Bd3 c5 12. h3 Bb7 13. Bg5 h6 14. Bf4 d4 15. Nb1 Qd5 16. f3 c4 17. Be2 Rad8 18. Re1 Bc5 19. Kh1 Qf5 20. Bh2 Nd5 21. Bxc4 Ne3 22. Bd3 Nxd1 23. Bxf5 Nf2+ 24. Kg1 d3 25. Nc3 d2 26. Rf1 d1=Q 27. Nxd1 Nxd1+ 28. Kh1 Ne3 29. Bd3 Nxf1 30. Rxf1 Rfe8 31. Bf4 Re7 32. b4 Bd4 33. a4 Bc3 34. b5 Re1 35. Rxe1 Bxe1 36. Kg1 Bc3 37. Kf1 Re8 38. Bg3 Bd5 39. Bf2 Re7 40. Bc5 Rc7 41. Bd6 Rd7 42. Bc5 Ba5 43. c4 Be6 44. Ke2 Bb6 45. Bb4 Rc7 46. a5 Bc5 47. Bd2 Bd4 48. Bf4 Rxc4 49. b6 axb6 50. axb6 Rb4 51. b7 Rxb7 0-1


[Site "https://www.chess.com"]

[Event "Titled Tuesday Blitz November 14 Early 2023"]
[White "Karas, Marek"]
[Black "Suyarov, Mukhammadzokhid"]
[WhiteFideId "14928558"]
[BlackFideId "14210495"]
[WhiteElo "2557"]
[BlackElo "2784"]
[Result "0-1"]
[Round "7"]
[TimeControl "180+1"]
[Date "2023.11.14"]
[WhiteClock "0:00:02"]
[BlackClock "0:00:06"]
[Board "52"]

1. d4 e6 2. Nf3 Nf6 3. c4 b6 4. a3 Bb7 5. Nc3 d5 6. cxd5 Nxd5 7. Qc2 Be7 8. e4 Nxc3 9. bxc3 O-O 10. Bd3 c5 11. O-O Nd7 12. Bb2 h6 13. Rad1 Rc8 14. Qe2 cxd4 15. cxd4 Nf6 16. d5 Qc7 17. d6 Bxd6 18. e5 Be7 19. exf6 Bxf6 20. Bxf6 gxf6 21. Be4 Bxe4 22. Qxe4 Rfd8 23. h3 a5 24. Qh4 Kg7 25. Rxd8 Rxd8 26. Re1 Rd5 27. Qg4+ Kf8 28. Qh4 Kg7 29. Nh2 Qc3 30. Rf1 h5 31. a4 Rg5 32. Kh1 Qd3 33. Rg1 Qd5 34. Nf3 Rg6 35. Qf4 b5 36. axb5 Qxb5 37. Ra1 Qc5 38. Qe3 Qb4 39. Qa3 Qb6 40. Ra2 Qb1+ 41. Kh2 Qb8+ 42. g3 Qb7 43. Nh4 Rg5 44. Qf3 Qc7 45. Qe3 Rc5 46. Qe4 Rc4 47. Qe1 Qc6 48. Ng2 a4 49. Ne3 Rc1 50. Qxc1 Qxc1 51. Rxa4 Qb2 52. Kg2 f5 53. Rf4 Qb7+ 54. Kg1 Qc6 55. h4 Kf6 56. Rb4 Qa6 57. Rf4 Qa5 58. Kg2 Qa2 59. Kg1 Ke5 60. Kg2 Qa8+ 61. Kg1 Kd6 62. Rd4+ Ke7 63. Rf4 f6 64. Kf1 Qh1+ 65. Ke2 Kf7 66. Rf3 Kg6 67. Rf4 Qa1 68. Kf3 e5 69. Rxf5 Qb1 70. Kg2 Qe4+ 71. Kg1 Qd3 72. Kh2 Qe2 73. Kg2 Kf7 74. Rf3 Ke6 75. Rf5 Qd3 76. Rf3 Qe4 77. Nf1 f5 78. Nd2 Qd5 79. Nf1 f4 80. gxf4 exf4 81. Nh2 Kf5 82. Kg1 Qd8 83. Kg2 Qxh4 84. Rh3 Qg5+ 85. Kf1 Qg6 86. f3 Kg5 87. Kg2 Qa6 88. Kh1 Qe2 89. Kg1 h4 90. Nf1 Qe1 91. Kg2 Kf5 92. Kg1 Ke5 93. Kg2 Kd4 94. Rh2 Qe2+ 95. Kg1 Qxf3 96. Rf2 Qg4+ 97. Rg2 Qf5 98. Rd2+ Kc3 99. Rf2 h3 100. Nh2 Qg6+ 101. Kh1 Qb1+ 102. Rf1 Qe4+ 103. Kg1 Qg2# 0-1


[Site "https://www.chess.com"]

[Event "Titled Tuesday Blitz November 14 Early 2023"]
[White "Llorente Zaro, Alfonso"]
[Black "Ben Artzi, Ido"]
[WhiteFideId "2254131"]
[BlackFideId "2810913"]
[WhiteElo "2773"]
[BlackElo "2556"]
[Result "1-0"]
[Round "7"]
[TimeControl "180+1"]
[Date "2023.11.14"]
[WhiteClock "0:00:08"]
[BlackClock "0:00:01"]
[Board "53"]

1. e4 e5 2. Nf3 Nc6 3. Nc3 Nf6 4. h3 d5 5. exd5 Nxd5 6. Bb5 Nxc3 7. bxc3 Bd6 8. d4 exd4 9. cxd4 O-O 10. O-O Qf6 11. Be3 Bf5 12. c4 Nb4 13. Ne1 Qg6 14. Kh1 Nc2 15. Nxc2 Bxc2 16. Qd2 a6 17. Bd7 Rad8 18. Bg4 Be4 19. Qd1 f5 20. Bf3 f4 21. Bd2 Bd3 22. Qb3 Bxf1 23. c5+ Kh8 24. cxd6 Bb5 25. dxc7 Rxd4 26. Rc1 Rc8 27. Bxb7 f3 28. Qxf3 Rd3 29. Be3 Rxc7 30. Qf8# 1-0


[Site "https://www.chess.com"]

[Event "Titled Tuesday Blitz November 14 Early 2023"]
[White "Nigmatov, Ortik"]
[Black "Novik, Maxim"]
[WhiteFideId "14202131"]
[BlackFideId "4102924"]
[WhiteElo "2765"]
[BlackElo "2542"]
[Result "1-0"]
[Round "7"]
[TimeControl "180+1"]
[Date "2023.11.14"]
[WhiteClock "0:02:13"]
[BlackClock "0:01:07"]
[Board "54"]

1. e4 c6 2. d4 d5 3. e5 Bf5 4. Nf3 e6 5. Be2 a5 6. a4 Nd7 7. O-O Ne7 8. Nbd2 Ng6 9. Re1 f6 10. exf6 Qxf6 11. Nf1 Bd6 12. Ng3 O-O 13. Nh5 Qf7 14. Ng5 Qe7 15. Bd3 Bxd3 16. Rxe6 Bf5 17. Rxe7 Nxe7 18. Bf4 Bxc2 19. Qxc2 Bxf4 20. Qxh7# 1-0


[Site "https://www.chess.com"]

[Event "Titled Tuesday Blitz November 14 Early 2023"]
[White "Javakhadze, Zurab"]
[Black "Toktomushev, Teimur"]
[WhiteFideId "13603647"]
[BlackFideId "14176726"]
[WhiteElo "2764"]
[BlackElo "2534"]
[Result "1-0"]
[Round "7"]
[TimeControl "180+1"]
[Date "2023.11.14"]
[WhiteClock "0:00:38"]
[BlackClock "0:00:00"]
[Board "55"]

1. Nf3 d5 2. g3 Nf6 3. Bg2 e6 4. O-O Be7 5. c4 O-O 6. b3 b6 7. Bb2 Bb7 8. e3 c5 9. Nc3 dxc4 10. bxc4 Nc6 11. Qe2 Qc7 12. Rad1 Rfd8 13. Ne1 a6 14. f4 Na7 15. g4 b5 16. g5 Ne8 17. f5 exf5 18. Rxf5 Nd6 19. Nd5 Bxd5 20. Rxd5 Nxc4 21. Bc3 Rxd5 22. Bxd5 Rd8 23. Bxc4 bxc4 24. Nf3 Nb5 25. Qxc4 Nxc3 26. Qxc3 Qc6 27. Rf1 Qd5 28. h4 Bd6 29. Kf2 Qxa2 30. Ra1 Qd5 31. Rxa6 Bf8 32. Ra7 Qf5 33. Ra4 h6 34. Rf4 Qe6 35. gxh6 Qxh6 36. Ng5 f6 37. Qc4+ 1-0


[Site "https://www.chess.com"]

[Event "Titled Tuesday Blitz November 14 Early 2023"]
[White "arenal72"]
[Black "Harshavardhan G B"]
[BlackFideId "25059009"]
[WhiteElo "2497"]
[BlackElo "2758"]
[Result "1-0"]
[Round "7"]
[TimeControl "180+1"]
[Date "2023.11.14"]
[WhiteClock "0:00:12"]
[BlackClock "0:00:17"]
[Board "56"]

1. Nf3 Nf6 2. g3 g6 3. Bg2 Bg7 4. O-O O-O 5. c4 d6 6. d4 Nbd7 7. Nc3 e5 8. dxe5 dxe5 9. Qc2 c6 10. b3 Qe7 11. a4 Rd8 12. Ba3 Qe8 13. Rad1 e4 14. Ng5 e3 15. f4 Nf8 16. Rxd8 Qxd8 17. Rd1 Qe8 18. Nce4 Bf5 19. Nxf6+ Bxf6 20. Be4 Bxg5 21. Bxf5 Bf6 22. Bh3 Ne6 23. Rd3 Nd4 24. Qd1 Rd8 25. Bc5 Nxe2+ 26. Qxe2 Rxd3 27. Qxd3 e2 28. Bf2 e1=Q+ 29. Bxe1 Qxe1+ 30. Bf1 c5 31. Kg2 Bd4 32. Be2 Qf2+ 33. Kh3 f5 34. Bf3 Kg7 35. Bxb7 Qe1 36. Bf3 Kf6 37. Qe2 Qc3 38. Bd5 Be3 39. a5 h5 40. a6 Ke7 41. Qa2 h4 42. Qa4 hxg3 43. Qc6 Qh8+ 44. Kxg3 Bxf4+ 45. Kxf4 Qxh2+ 46. Ke3 Qg1+ 47. Kd2 Qd4+ 48. Kc2 Qf2+ 49. Kb1 Qe1+ 50. Kb2 Qd2+ 51. Ka3 Qc1+ 52. Ka4 Qe3 53. Qc7+ Kf6 54. Qxa7 Qe1 55. Qb6+ Kg5 56. a7 Qa1+ 57. Kb5 f4 58. a8=Q Qxa8 59. Bxa8 f3 60. Qxc5+ Kf4 61. Qf8+ Ke3 62. Qxf3+ Kd2 63. Be4 g5 64. Qd3+ Ke1 65. Bf3 Kf2 66. Qe2+ Kg3 67. Qg2+ Kf4 68. Qg4+ Ke3 69. Qxg5+ Kf2 70. c5 Kxf3 71. c6 Ke4 72. c7 Kd3 73. c8=Q Ke2 74. Qe6+ Kf3 75. Qgf5+ Kg3 76. Qeg6+ Kh4 77. Qfh5# 1-0


[Site "https://www.chess.com"]

[Event "Titled Tuesday Blitz November 14 Early 2023"]
[White "Saydaliev, Saidakbar"]
[Black "Devaev, Alexander"]
[WhiteFideId "14203693"]
[BlackFideId "4169395"]
[WhiteElo "2756"]
[BlackElo "2483"]
[Result "1-0"]
[Round "7"]
[TimeControl "180+1"]
[Date "2023.11.14"]
[WhiteClock "0:00:44"]
[BlackClock "0:00:11"]
[Board "57"]

1. Nf3 Nf6 2. c4 c5 3. Nc3 e6 4. e4 d6 5. d4 cxd4 6. Nxd4 Nc6 7. Be3 a6 8. Be2 Be7 9. O-O Ne5 10. f3 O-O 11. Rc1 Qc7 12. Kh1 b6 13. g4 Re8 14. g5 Nfd7 15. f4 Nxc4 16. Bxc4 Qxc4 17. b3 Qc7 18. Nd5 Qb7 19. Rc7 exd5 20. Rxb7 Bxb7 21. Qh5 Bf8 22. Rf3 h6 23. gxh6 g6 24. Qh3 Nf6 25. e5 Bc8 26. Qg2 Nh5 27. e6 Kh7 28. f5 Bxh6 29. exf7 Rxe3 30. Qxg6+ Kh8 31. Qxh6# 1-0


[Site "https://www.chess.com"]

[Event "Titled Tuesday Blitz November 14 Early 2023"]
[White "Preobrazhenska_D2011"]
[Black "Sattarov, Bobir"]
[BlackFideId "14203081"]
[WhiteElo "2458"]
[BlackElo "2748"]
[Result "0-1"]
[Round "7"]
[TimeControl "180+1"]
[Date "2023.11.14"]
[WhiteClock "0:00:00"]
[BlackClock "0:01:53"]
[Board "58"]

1. e4 e5 2. Nf3 Nc6 3. Bb5 a6 4. Ba4 Bc5 5. c3 Qf6 6. O-O Nge7 7. d3 h6 8. Nbd2 O-O 9. Bc2 d6 10. h3 Ng6 11. Nb3 Ba7 12. d4 Nce7 13. Be3 Nf4 14. Bxf4 Qxf4 15. Nc1 Ng6 16. Ne2 Qf6 17. Qd3 Be6 18. Rfe1 Rad8 19. d5 Bc8 20. c4 Nh4 21. Rf1 Nxf3+ 22. Qxf3 Qxf3 23. gxf3 Bxh3 24. Rfd1 f5 25. Kh2 fxe4 26. Kxh3 Rxf3+ 27. Kg4 Rxf2 28. Re1 e3 29. Be4 Rdf8 30. Rac1 R8f4+ 31. Nxf4 Rxf4+ 32. Kg3 Rxe4 33. Re2 Rf4 34. b4 a5 35. a3 axb4 36. axb4 Bd4 37. c5 Rf7 38. cxd6 cxd6 39. Rc8+ Kh7 40. Rd8 Rf6 41. Rd7 b6 42. b5 h5 43. Rb7 Kh6 44. Rb8 g5 45. Rh8+ Kg6 46. Rg8+ Kf5 47. Rh8 h4+ 48. Kh3 Ke4 49. Rg8 Kd3 50. Re1 Rf3+ 51. Kg2 Rg3+ 52. Kh2 e2 53. Rf8 Kd2 54. Rb1 e1=Q 55. Rxe1 Kxe1 56. Rf1+ Ke2 57. Re1+ Kxe1 0-1


[Site "https://www.chess.com"]

[Event "Titled Tuesday Blitz November 14 Early 2023"]
[White "Aradhya, Garg"]
[Black "YouShallNotPass001"]
[WhiteFideId "25006746"]
[WhiteElo "2742"]
[BlackElo "2448"]
[Result "1/2-1/2"]
[Round "7"]
[TimeControl "180+1"]
[Date "2023.11.14"]
[WhiteClock "0:00:13"]
[BlackClock "0:00:25"]
[Board "59"]

1. d4 Nf6 2. c4 e6 3. Nf3 d5 4. Nc3 Bb4 5. Qb3 Nc6 6. Bg5 h6 7. Bxf6 Qxf6 8. e3 O-O 9. Be2 dxc4 10. Qxc4 Bd6 11. O-O a6 12. Ne4 Qe7 13. Rac1 Bd7 14. a3 Rfc8 15. Nc5 Rab8 16. Qc2 e5 17. d5 Nd8 18. b4 f5 19. e4 f4 20. Nxd7 Qxd7 21. Nh4 Nf7 22. Nf5 g6 23. Nxd6 cxd6 24. Qd2 Kg7 25. h3 h5 26. b5 axb5 27. Qb4 Rxc1 28. Rxc1 Rc8 29. Rb1 Rc2 30. Bxb5 Qc7 31. Bf1 Ra2 32. Qxb7 Qc2 33. Qb6 Qxe4 34. Rc1 f3 35. Qb3 Qf4 36. Rd1 fxg2 37. Qxa2 gxf1=Q+ 38. Kxf1 Qf3 39. Ke1 Qxh3 40. a4 Ng5 41. Qc4 Nf3+ 42. Ke2 Nd4+ 43. Rxd4 exd4 44. Qxd4+ Kh7 45. Qa7+ Kg8 46. Qb8+ Kf7 47. Qc7+ Ke8 48. Qc6+ Ke7 49. a5 Qg4+ 50. Kf1 Qd1+ 51. Kg2 Qg4+ 52. Kf1 Qd1+ 53. Kg2 Qg4+ 54. Kf1 1/2-1/2


[Site "https://www.chess.com"]

[Event "Titled Tuesday Blitz November 14 Early 2023"]
[White "Borsuk, Konstantin"]
[Black "DavitSantryan02"]
[WhiteFideId "14113406"]
[WhiteElo "2734"]
[BlackElo "2004"]
[Result "1-0"]
[Round "7"]
[TimeControl "180+1"]
[Date "2023.11.14"]
[WhiteClock "0:01:02"]
[BlackClock "0:00:00"]
[Board "60"]

1. d4 d5 2. c4 dxc4 3. Nf3 Nf6 4. e3 Bg4 5. Bxc4 e6 6. Nbd2 Nbd7 7. O-O c5 8. h3 Bh5 9. Qb3 Qb6 10. Ne5 Qxb3 11. axb3 Nxe5 12. dxe5 Nd7 13. f4 a6 14. e4 f6 15. exf6 gxf6 16. Bxe6 Bf7 17. Bxf7+ Kxf7 18. Nf3 Rg8 19. Bd2 Rg6 20. g4 h5 21. g5 Nb6 22. f5 Rg8 23. g6+ Kg7 24. Bc3 c4 25. e5 Bc5+ 26. Kg2 fxe5 27. Nxe5 Nd5 28. f6+ Kh6 29. Bd2+ Be3 30. bxc4 Bxd2 31. cxd5 Rge8 32. Rf5 Bb4 33. Rd1 a5 34. g7 a4 35. d6 Rxe5 36. Rxe5 Kg6 37. d7 Ba5 38. Re8 Bd8 39. g8=Q+ 1-0


[Site "https://www.chess.com"]

[Event "Titled Tuesday Blitz November 14 Early 2023"]
[White "Karamsetty, Jeevan"]
[Black "BardArtem"]
[WhiteFideId "2025337"]
[WhiteElo "2610"]
[BlackElo "2825"]
[Result "0-1"]
[Round "7"]
[TimeControl "180+1"]
[Date "2023.11.14"]
[WhiteClock "0:00:00"]
[BlackClock "0:00:19"]
[Board "61"]

1. e4 e5 2. Nf3 Nc6 3. Be2 Nf6 4. d3 Bc5 5. O-O h6 6. Nbd2 d6 7. a3 a6 8. b4 Ba7 9. Bb2 Be6 10. c3 O-O 11. Qc2 Nh5 12. Rfe1 Nf4 13. Bf1 f5 14. d4 fxe4 15. Nxe4 exd4 16. cxd4 Kh8 17. Ng3 Bd5 18. Re3 Bxf3 19. Rxf3 Bxd4 20. Ne4 Bxb2 21. Qxb2 Ne5 22. Rg3 Qh4 23. h3 Rae8 24. Nd2 Qf6 25. Qd4 c5 26. bxc5 dxc5 27. Qc3 Nh5 28. Ne4 Qf4 29. Re3 Nc6 30. Qxc5 Re5 31. Qc2 Nd4 32. Qd3 Nf5 33. Ree1 Nh4 34. Ra2 Nf6 35. Rae2 Nxe4 36. Rxe4 Qxf2+ 37. Kh2 Rxe4 38. Rxe4 Nf3+ 0-1


[Site "https://www.chess.com"]

[Event "Titled Tuesday Blitz November 14 Early 2023"]
[White "Janaszak, Dawid"]
[Black "Mikhailovsky, Vladimir"]
[WhiteFideId "1119206"]
[BlackFideId "34105414"]
[WhiteElo "2608"]
[BlackElo "2811"]
[Result "0-1"]
[Round "7"]
[TimeControl "180+1"]
[Date "2023.11.14"]
[WhiteClock "0:00:05"]
[BlackClock "0:00:08"]
[Board "62"]

1. Nf3 d6 2. e4 Nf6 3. Nc3 e5 4. d4 Nbd7 5. Bc4 Be7 6. a4 a5 7. O-O O-O 8. Re1 c6 9. dxe5 Nxe5 10. Nxe5 dxe5 11. Qf3 Bg4 12. Qg3 Qc7 13. h3 Bh5 14. Bg5 Bg6 15. h4 Nh5 16. Qg4 Bxg5 17. Qxg5 Rad8 18. Ne2 Rd6 19. Ng3 h6 20. Qe3 Nf4 21. Ne2 Nxe2+ 22. Rxe2 Rfd8 23. Qg3 Qe7 24. Rae1 Bh5 25. Re3 Qf6 26. Rd3 Rd4 27. Rxd4 Rxd4 28. b3 Rd2 29. Bd3 Bd1 30. Re3 Bxc2 31. Rf3 Rxd3 32. Rxd3 Bxd3 33. Qxd3 Qxh4 34. g3 Qe7 35. Qc3 Qb4 36. Qxe5 Qxb3 37. Qf5 b5 38. Qc8+ Kh7 39. Qxc6 bxa4 40. Qc5 a3 41. Qxa5 a2 42. Kg2 g6 43. Qe5 Qb1 44. Qf6 a1=Q 45. Qxf7+ Qg7 0-1


[Site "https://www.chess.com"]

[Event "Titled Tuesday Blitz November 14 Early 2023"]
[White "Manukyan, Sargis A."]
[Black "Materia, Marco"]
[WhiteFideId "13303970"]
[BlackFideId "45150451"]
[WhiteElo "2599"]
[BlackElo "2799"]
[Result "0-1"]
[Round "7"]
[TimeControl "180+1"]
[Date "2023.11.14"]
[WhiteClock "0:00:05"]
[BlackClock "0:01:09"]
[Board "63"]

1. d4 Nf6 2. c4 e6 3. Nc3 d5 4. Nf3 Be7 5. Bg5 h6 6. Bh4 O-O 7. e3 b6 8. cxd5 Nxd5 9. Bxe7 Qxe7 10. Nxd5 exd5 11. Bd3 Be6 12. O-O c5 13. dxc5 bxc5 14. Rc1 Nd7 15. e4 d4 16. Nd2 Nb6 17. b3 Rac8 18. f4 f5 19. Re1 Qf7 20. e5 Nd5 21. Nc4 Nxf4 22. Nd6 Qg6 23. g3 Rc7 24. Nb5 Rd7 25. Rxc5 Bd5 26. Rxd5 Nxd5 27. Bc4 Kh7 28. Qxd4 Nb6 29. Nd6 Nxc4 30. bxc4 f4 31. Qe4 fxg3 32. hxg3 Re7 33. c5 Qxe4 34. Rxe4 Rf3 35. e6 Rxg3+ 36. Kh2 Rg5 37. Nc8 Rc7 38. Nd6 Rh5+ 39. Kg2 Rg5+ 40. Kh2 Re7 41. c6 Rc5 42. Nc8 Rc7 43. Nxa7 Rxa7 44. e7 Rxa2+ 45. Kg3 Ra8 46. e8=Q Rxe8 47. Rxe8 Rxc6 48. Re3 h5 49. Kh4 Kh6 50. Ra3 Rc4+ 51. Kh3 g6 52. Ra5 Rc3+ 53. Kh2 h4 54. Kg2 g5 55. Kh2 Kh5 56. Ra4 Rc2+ 57. Kg1 g4 58. Kh1 h3 59. Kg1 Kh4 60. Ra3 Rc1+ 61. Kf2 h2 62. Ra8 g3+ 63. Ke2 h1=Q 64. Rh8+ Kg4 65. Rg8+ Kf4 66. Rf8+ Ke5 67. Re8+ Kd6 68. Rd8+ Ke7 69. Ke3 Kxd8 70. Kf4 g2 71. Kf5 Qh4 0-1


[Site "https://www.chess.com"]